 Dungeon Crawl Stone Soup version 0.32-a0-995-gb4a59205af (webtiles) character file.

Game seed: 2343336931884844972

68 petete the Digger (level 4, -1/26 (30) HPs)
             Began as a Vampire Earth Elementalist on Apr 22, 2024.
             Slain by a wight
             ... wielding a +1 dire flail of draining
              (4 damage)
             ... on level 2 of the Dungeon.
             The game lasted 00:03:49 (1402 turns).

petete the Digger (Vampire Earth Elementalist)      Turns: 1402, Time: 00:03:50

HP:   -1/26 (30)    AC:  2    Str:  7    XL:     4   Next: 1%
MP:   3/8           EV: 11    Int: 19    God:
Gold: 97            SH:  0    Dex: 14    Spells: 2/9 levels left

rFire   + . .        a - +0 short sword
rCold   . . .        (no shield)
rNeg    . . .        n - +0 robe
rPois   .            (no helmet)
rElec   .            (no cloak)
rCorr   .            (no gloves)
SInv    +            (no boots)
Will    .....        (no amulet)
Stlth   ++           e - ring of protection from fire
HPRegen 0.44/turn    (no ring)
MPRegen 0.11/turn

%: no passive effects
@: healing quickly, heavily drained
A: alive, fangs 3, see invisible, vampiric 2
a: Exsanguinate


You were on level 2 of the Dungeon.
You visited 1 branch of the dungeon, and saw 3 of its levels.

You collected 97 gold pieces.

Inventory:

Hand Weapons
 a - a +0 short sword (weapon)
 b - a +0 dagger
Missiles
 i - 2 datura-tipped darts
 m - 5 poisoned darts
Armour
 n - a +0 robe (worn)
Jewellery
 e - a ring of protection from fire (left hand)
Scrolls
 c - a scroll of identify {unknown}
 f - 2 scrolls of fog {unknown}
 g - a scroll of enchant armour {unknown}
 j - a scroll of teleportation {unknown}
 o - a scroll of fear {unknown}
 p - a scroll of immolation {unknown}
Potions
 d - 2 potions of curing {unknown}
 h - a potion of magic
 k - a potion of lignification {unknown}
 l - a potion of heal wounds {unknown}


   Skills:
 + Level 0.0 Fighting
 - Level 2.1 Dodging
 - Level 3.0 Stealth
 + Level 3.1 Spellcasting
 - Level 1.0 Conjurations
 - Level 4.0 Earth Magic


You had 2 spell levels left.
You knew the following spells:

 Your Spells              Type           Power      Damage    Failure   Level
a - Sandblast             Erth           36%        2d10      3%          1
b - Passwall              Erth           18%        N/A       9%          3
c - Stone Arrow           Conj/Erth      24%        3d8       16%         3

Your spell library contained the following spells:

 Spells                   Type           Power      Damage    Failure   Level
 Sting                    Conj/Alch      16%        1d4       12%         1
 Mercury Vapours          Alch/Air       4%         N/A       22%         2
 Brom's Barrelling Bould  Conj/Erth      12%        2d4       47%         4
 Petrify                  Alch/Erth      10%        N/A       54%         4
 Olgreb's Toxic Radiance  Alch           2%         N/A       83%         4


Dungeon Overview and Level Annotations

Branches:
Dungeon (3/15)

Altars:


Innate Abilities, Weirdness & Mutations

Your natural rate of healing is accelerated.
You have razor-sharp teeth.
You have supernaturally acute eyesight. (SInv)
You are afflicted with vampirism and can become a bat while bloodless.


Message History

Aiming: Sandblast (safe; 3% risk of failure)
Press: ? - help, Q - select action, (/) - cycle Shift-Dir - straight line, f/p - wight
Aim: a wight, wielding a +1 dire flail of draining and wearing a +0 robe (heavily damaged, 82% to hit)
The blast of sand hits the wight but does no damage.
The wight is heavily damaged.
Aiming: Sandblast (safe; 3% risk of failure)
Press: ? - help, Q - select action, (/) - cycle Shift-Dir - straight line, f/p - wight
Aim: a wight, wielding a +1 dire flail of draining and wearing a +0 robe (heavily damaged, 82% to hit)
The blast of sand hits the wight.
The wight is heavily damaged.
The wight misses you.
Aiming: Sandblast (safe; 3% risk of failure)
Press: ? - help, Q - select action, (/) - cycle Shift-Dir - straight line, f/p - wight
Aim: a wight, wielding a +1 dire flail of draining and wearing a +0 robe (heavily damaged, 82% to hit)
The blast of sand hits the wight but does no damage.
The wight is heavily damaged.
The wight hits you with a +1 dire flail of draining!
You feel drained.
A wight comes into view. It is wielding a +0 halberd.
The wight barely misses you. The wight closely misses you.
The wight hits you with a +0 falchion.
You feel drained.
You climb upwards.
There is a stone staircase leading down here.
Aiming: Sandblast (safe; 3% risk of failure)
Press: ? - help, Q - select action, (/) - cycle Shift-Dir - straight line, f - wight
Aim: a wight, wielding a +0 falchion and wearing a +0 robe (82% to hit)
The blast of sand hits the wight.
The wight is heavily damaged.
The wight barely misses you. The wight hits you with a +0 falchion.
You feel drained.
Aiming: Sandblast (safe; 3% risk of failure)
Press: ? - help, Q - select action, (/) - cycle Shift-Dir - straight line, f/p - wight
Aim: a wight, wielding a +0 falchion and wearing a +0 robe (heavily damaged, 82% to hit)
The blast of sand hits the wight.
The wight is severely damaged.
The wight hits you with a +1 dire flail of draining!
* * * LOW HITPOINT WARNING * * *
You feel drained.
You die...

#...# #.### #.#
##### #.# #....
#.############.###
#.##...........#
#รท##.#############
#z##.# #........
#@##.# #.#######
#z##.# #.# #.##.#
##.#######
#.##.####...##....
#..............###
###..####...#..###
#.## ##.##..... #.#
#.....### #.#
####### #


You could see 2 wights.

Vanquished Creatures
  Jessica (D:2)
  2 adders
  An endoplasm (D:2)
  4 giant cockroaches
  4 goblins
  A hobgoblin (D:1)
  3 kobolds (D:2)
  3 quokkas
  A ball python (D:1)
  A bat (D:1)
  A frilled lizard (D:1)
22 creatures vanquished.

Notes
Turn   | Place    | Note
-------+----------+-------------------------------------------
     0 | D:1      | petete the Vampire Earth Elementalist began the quest for
                  | the Orb.
     0 | D:1      | Reached XP level 1. HP: 13/13 MP: 3/3
    43 | D:1      | Found a faded altar of an unknown god.
   324 | D:1      | Reached XP level 2. HP: 19/19 MP: 1/5
   932 | D:2      | Noticed Jessica
   938 | D:2      | Killed Jessica
   939 | D:2      | Gained mutation: You are afflicted with vampirism and can
                  | become a bat while bloodless. [Vampire growth]
   939 | D:2      | Reached XP level 3. HP: 10/24 MP: 3/7
   943 | D:2      | Learned a level 3 spell: Passwall
   947 | D:2      | Learned a level 3 spell: Stone Arrow
  1266 | D:3      | Reached skill level 4 in Earth Magic
  1326 | D:3      | Noticed a wight
  1326 | D:3      | Noticed a wight
  1359 | D:3      | Reached skill level 1 in Conjurations
  1359 | D:3      | Reached XP level 4. HP: 21/30 MP: 4/8
  1402 | D:2      | Slain by a wight

Illustrated notes

Levels and vault maps discovered:
D:1:      minmay_arrival_stair_chambers, layout_rooms,
          chequers_ecumenical_altar_island, chequers_jeans
D:2:      layout_loops_ring, uniq_jessica
D:3:      layout_loops_ring, uniq_natasha

Skill      XL: |  1  2  3 |
---------------+----------+-----
Spellcasting   | 3 |  3.1
Earth Magic    | 4 |  4.0
Conjurations   | 1 |  1.0
Dodging        | |  2.1
Stealth        | |  3.0

Action                     |  1- 3 |  4- 6 || total
---------------------------+-------+-------++-------
  Melee: Unarmed           |     8 |       ||     8
         Bite              |     1 |       ||     1
   Cast: Sandblast         |    30 |     6 ||    36
 Armour: Robe              |     8 |     4 ||    12
  Dodge: Dodged            |     6 |     4 ||    10

Table legend: (Time is in decaauts)
 A = Elapsed time spent in this place.
 B = Non-inter-level travel time spent in this place.
 C = Inter-level travel time spent in this place.
 D = Time resting spent in this place.
 E = Time spent auto-exploring this place.
 F = Levels seen in this place.
 G = Mean time per level.
                   A        B        C        D        E       F      G
               +--------+--------+--------+--------+--------+-----+--------+
         Total |   1422 |   1356 |     66 |     26 |   1141 |   3 |  474.0 |
       Dungeon |   1422 |   1356 |     66 |     26 |   1141 |   3 |  474.0 |
               +--------+--------+--------+--------+--------+-----+--------+

Top non-repeatable levels by time:
     D:2: 651 daAuts
     D:1: 616 daAuts
     D:3: 154 daAuts
